 Dungeon Crawl Stone Soup version 0.27-a0-1529-g1e82c303ef (webtiles) character file.

Game seed: 14685543151028082377

21021 Froggeryz the Cruncher (level 12, -2/94 HPs)
             Began as a Demigod Ice Elementalist on July 12, 2021.
             Slain by a redback (5 damage)
             ... on level 6 of the Lair of Beasts.
             The game lasted 00:16:49 (12969 turns).

Froggeryz the Cruncher (Demigod Ice Elementalist)  Turns: 12969, Time: 00:16:50

Health: -2/94      AC: 19    Str: 16 (17) XL:     12   Next: 21%
Magic:  15/21      EV: 12    Int: 29 (31) God:
Gold:   521        SH:  0    Dex: 11 (14) Spells: 6/18 levels left

rFire    . . .     SeeInvis .   j - +3 quarterstaff (spect)
rCold    . . .     Faith    .   (shield currently unavailable)
rNeg     . . .     Spirit   .   o - +2 leather armour {rPois}
rPois    +         Reflect  .   (no helmet)
rElec    .         Harm     .   m - +0 cloak
rCorr    .         Rampage  .   N - +2 pair of gloves {archery}
Will     ++...                  d - +0 pair of boots
Stlth    +.........             (no amulet)
HPRegen  0.25/turn              b - ring of willpower
MPRegen  0.17/turn              B - +6 ring of intelligence

@: ice-armoured, freezing walls, attractive
A: high mp 1, forlorn
a: no special abilities


You were on level 6 of the Lair of Beasts.
You visited 2 branches of the dungeon, and saw 12 of its levels.

You collected 521 gold pieces.

Inventory:

Hand Weapons
 j - a +3 spectral quarterstaff (weapon)
 C - the +2 mace "Igafroqog" {vamp, MP+9 Dex+5}
   (You found it on level 6 of the Dungeon)

   It inflicts no extra harm, but heals its wielder when it wounds a living foe.
   Dex:       It affects your dexterity (+5).
   MP:        It affects your magic capacity (+9).
Missiles
 I - a curare-tipped dart
 L - 2 throwing nets
Armour
 d - a +0 pair of boots (worn)
 m - a +0 cloak (worn)
 o - a +2 leather armour of poison resistance (worn)
 N - a +2 pair of gloves of archery (worn)
Magical Staves
 h - a staff of poison
 D - a staff of fire
Jewellery
 b - a ring of willpower (left hand)
 B - a +6 ring of intelligence (right hand)
 H - a ring of protection from cold
 Q - a ring of protection from cold
Wands
 n - a wand of polymorph (17)
 x - a wand of iceblast (9)
 y - a wand of charming (7)
 E - a wand of paralysis (18)
 J - a wand of acid (15)
Scrolls
 a - a scroll of immolation {unknown}
 e - 2 scrolls of enchant armour {unknown}
 i - 5 scrolls of fear
 k - 10 scrolls of identify {unknown}
 l - 2 scrolls of noise {unknown}
 q - 3 scrolls of teleportation
 t - 2 scrolls of amnesia {unknown}
 z - 2 scrolls of enchant weapon {unknown}
 A - a scroll of vulnerability {unknown}
 G - a scroll of blinking {unknown}
 K - a scroll of fog {unknown}
 O - a scroll of magic mapping {unknown}
Potions
 c - 3 potions of heal wounds {unknown}
 f - 4 potions of curing {unknown}
 g - 4 potions of attraction
 p - 6 potions of degeneration
 r - 2 potions of might
 s - a potion of brilliance {unknown}
 u - a potion of lignification {unknown}
 v - 2 potions of flight {unknown}
 w - 2 potions of cancellation {unknown}
 F - a potion of invisibility {unknown}
 M - 2 potions of haste
 P - a potion of resistance {unknown}


   Skills:
 - Level 5.1 Fighting
 - Level 12.0 Staves
 - Level 9.0 Armour
 - Level 3.0 Dodging
 - Level 1.7 Stealth
 - Level 3.5 Spellcasting
 + Level 5.4 Conjurations
 + Level 5.4 Transmutations
 - Level 7.2 Ice Magic


You had 6 spell levels left.
You knew the following spells:

 Your Spells              Type           Power      Damage    Failure   Level
a - Freeze                Ice            100%       1d11      1%          1
b - Frozen Ramparts       Ice            94%        1d11      1%          3
c - Ozocubu's Armour      Ice            47%        N/A       1%          3
d - Irradiate             Conj/Tmut      18%        3d19      26%         5

Your spell library contained the following spells:

 Spells                   Type           Power      Damage    Failure   Level
 Wereblood                Tmut           36%        N/A       1%          2
 Ensorcelled Hibernation  Hex/Ice        52%        N/A       2%          2
 Hailstorm                Conj/Ice       41%        3d10      6%          4
 Animate Skeleton         Necr           10%        N/A       9%          1
 Apportation              Tloc           10%        N/A       9%          1
 Corona                   Hex            5%         N/A       9%          1
 Summon Small Mammal      Summ           20%        N/A       9%          1
 Spider Form              Tmut/Pois      10%        N/A       9%          3
 Slow                     Hex            5%         N/A       13%         2
 Sublimation of Blood     Necr           2%         N/A       13%         2
 Call Canine Familiar     Summ           5%         N/A       26%         3
 Confusing Touch          Hex            5%         N/A       26%         3
 Summon Guardian Golem    Hex/Summ       5%         N/A       26%         3
 Fulminant Prism          Conj/Hex       10%        3d9       26%         4
 Yara's Violent Unravell  Hex/Tmut       10%        3d6       58%         5
 Cause Fear               Hex            2%         N/A       63%         4
 Excruciating Wounds      Necr           2%         N/A       93%         5
 Shadow Creatures         Summ           N/A        N/A       100%        6
 Summon Hydra             Summ           2%         N/A       100%        7


Dungeon Overview and Level Annotations

Branches:
Dungeon (8/15)             Temple (0/1) D:4            Lair (4/6) D:8
  Swamp: Lair:2-4    Shoals: Lair:2-4     Snake: Lair:2-4    Spider: Lair:2-4

Shops:
D:4 !

Annotations:
Lair:4 1 runed translucent door


Innate Abilities, Weirdness & Mutations

Your attributes grow dramatically as you level up.
You have an increased reservoir of magic. (+10% MP)
You shall have no god before yourself.


Message History

You thump the water moccasin!
You kill the water moccasin!
The wall freezes the cane toad!
You closely miss the cane toad.
The cane toad is moderately wounded.
Your spectral +3 spectral quarterstaff hits the cane toad.
The wall freezes the redback!
The wall freezes the cane toad!
The cane toad seems to slow down.
The cane toad stings you.
You closely miss the cane toad.
The cane toad is heavily wounded.
Your spectral +3 spectral quarterstaff hits the cane toad.
The frozen ramparts melt away.
The redback bites you.
* * * LOW HITPOINT WARNING * * *
The cane toad stings you!
* * * LOW HITPOINT WARNING * * *
The blink frog blinks!
Casting: Ozocubu's Armour (safe; 1% risk of failure)
Confirm with . or Enter, or press ? or * to list all spells.
Casting: Frozen Ramparts (safe; 1% risk of failure)
Press: ? - help, Dir - look around, f - activate The walls around you are covered in ice.
The wall freezes the redback.
The redback closely misses you.
The wall freezes the redback.
The redback bites you!
* * * LOW HITPOINT WARNING * * *
The wall freezes the cane toad.
The cane toad seems to slow down.
The cane toad barely misses you.
The blink frog blinks!
It was a potion of attraction.
You feel attractive to monsters.
The wall freezes the redback!
The redback bites you but does no damage.
The wall freezes the cane toad.
The cane toad stings you.
* * * LOW HITPOINT WARNING * * *
The blink frog is pulled toward you! x2
It was a potion of degeneration.
There was something very wrong with that liquid.
You feel weakened.
You feel dopey.
You feel clumsy.
The wall freezes the redback.
The redback closely misses you.
The wall freezes the blink frog.
The wall freezes the redback.
The redback bites you.
You die...

.. ...
##P..
#..P..
#......
##.F...P.
##.......=
#F@..#
#Fs.###
....###
...### PP
.


You could see a cane toad (slow), 2 blink frogs and a redback.

Vanquished Creatures
  4 hydras
  Harold (D:8)
  Erica (D:8)
  3 centaur warriors (D:8)
  A tengu warrior (D:8)
  3 black mambas
  3 elephants (Lair:4)
  An unseen horror (D:8)
  6 cane toads
  3 komodo dragons
  A rime drake (Lair:6)
  A troll (D:7)
  A polar bear (Lair:4)
  Prince Ribbit (D:8)
  8 blink frogs
  A slime creature (D:8)
  A shadow (D:8)
  5 wyverns
  7 yaks
  A wraith (D:8)
  A basilisk (Lair:4)
  2 steam dragons (D:8)
  A vampire mosquito (D:8)
  6 water moccasins
  3 acid dragons
  An orc warrior (D:8)
  2 ice beasts (D:5)
  2 necrophages
  3 centaurs
  An ogre (D:4)
  5 wolves (Lair:4)
  2 phantoms
  2 kobold brigands (D:8)
  3 bullfrogs
  2 gnoll sergeants (D:6)
  3 scorpions
  A water moccasin zombie (D:6)
  2 wyvern skeletons
  A wight (D:8)
  5 howler monkeys
  2 centaur zombies
  A bullfrog zombie (D:6)
  A gnoll shaman (D:8)
  3 hounds
  5 jellies
  A centaur skeleton (D:7)
  Jessica (D:3)
  8 iguanas
  4 orc wizards
  Ijyb (D:3)
  Natasha (twice) (D:3)
  A scorpion zombie (D:5)
  Terence (D:3)
  2 hound skeletons
  10 gnolls (D:6)
  12 adders
  2 white imps
  An adder skeleton (D:4)
  2 worms
  4 dart slugs
  22 orcs
  12 ball pythons
  4 bats
  10 endoplasms
  5 giant cockroaches
  11 goblins
  6 hobgoblins
  7 jackals
  10 quokkas
  2 frilled lizards (D:1)
  A jackal skeleton (D:4)
  19 kobolds
  3 rats
277 creatures vanquished.

Vanquished Creatures (others)
  10 fungi
  6 plants
  11 toadstools (Lair:4)
27 creatures vanquished.

Grand Total: 304 creatures vanquished

Notes
Turn   | Place    | Note
-------+----------+-------------------------------------------
     0 | D:1      | Froggeryz the Demigod Ice Elementalist began the quest for
                  | the Orb.
     0 | D:1      | Reached XP level 1. HP: 14/14 MP: 5/5
   395 | D:1      | Reached XP level 2. HP: 16/20 MP: 1/7
  1131 | D:1      | Reached XP level 3. HP: 20/26 MP: 2/9
  1801 | D:2      | Learned a level 3 spell: Frozen Ramparts
  2219 | D:2      | Reached XP level 4. HP: 29/33 MP: 7/10
  2445 | D:3      | Noticed Jessica
  2458 | D:3      | Killed Jessica
  2459 | D:3      | Reached skill level 5 in Ice Magic
  2631 | D:3      | Noticed Ijyb
  2640 | D:3      | Killed Ijyb
  2641 | D:3      | Reached XP level 5. HP: 37/38 MP: 12/12
  2739 | D:3      | Noticed Terence
  2754 | D:3      | Killed Terence
  2999 | D:3      | Noticed Natasha
  3008 | D:3      | Killed Natasha
  3357 | D:3      | Noticed Natasha
  3366 | D:3      | Killed Natasha
  3446 | D:4      | Found a staircase to the Ecumenical Temple.
  3453 | D:4      | Reached XP level 6. HP: 36/45 MP: 14/14
  3726 | D:4      | Found Ytom's Distillery.
  4159 | D:4      | Reached XP level 7. HP: 50/50 MP: 15/15
  4296 | D:5      | Entered Level 5 of the Dungeon
  4656 | D:5      | Reached skill level 1 in Fighting
  4788 | D:5      | Reached skill level 1 in Armour
  5584 | D:6      | Reached XP level 8. HP: 42/64 MP: 12/16
  5661 | D:6      | Reached skill level 5 in Fighting
  5830 | D:6      | Reached skill level 1 in Staves
  6193 | D:6      | Reached skill level 2 in Staves
  6713 | D:6      | Identified the +2 mace "Igafroqog" {vamp, MP+9 Dex+5}
  6838 | D:7      | Reached skill level 3 in Staves
  6959 | D:7      | Noticed a troll
  6965 | D:7      | Killed a troll
  6996 | D:7      | Found the +27 Lear's hauberk
  7279 | D:7      | Reached skill level 4 in Staves
  7279 | D:7      | Reached XP level 9. HP: 54/74 MP: 17/17
  7956 | D:8      | Noticed a seven-headed hydra
  7962 | D:8      | Noticed a centaur warrior
  7972 | D:8      | Killed a centaur warrior
  7973 | D:8      | Reached skill level 6 in Staves
  7973 | D:8      | Reached skill level 5 in Armour
  8445 | D:8      | Killed a seven-headed hydra
  8446 | D:8      | Reached skill level 7 in Staves
  8685 | D:7      | Learned a level 3 spell: Ozocubu's Armour
  8767 | D:8      | Found a staircase to the Lair.
  8846 | D:8      | Reached XP level 10. HP: 60/81 MP: 18/18
  8852 | D:8      | Reached skill level 8 in Staves
  9069 | D:8      | Noticed Erica
  9212 | D:8      | Killed Erica
  9288 | D:8      | Noticed Prince Ribbit
  9298 | D:8      | Killed Prince Ribbit
  9363 | D:8      | Reached skill level 9 in Staves
  9462 | D:8      | Noticed Harold
  9512 | D:8      | Killed Harold
  9524 | D:8      | Noticed a tengu warrior
  9525 | D:8      | Noticed a centaur warrior
  9527 | D:8      | Noticed a centaur warrior
  9537 | D:8      | Killed a tengu warrior
  9545 | D:8      | Killed a centaur warrior
  9546 | D:8      | Reached skill level 10 in Staves
  9546 | D:8      | Killed a centaur warrior
  9547 | D:8      | Reached XP level 11. HP: 41/86 MP: 6/19
  9768 | D:8      | Got Zecikic's Tome of Arcane Weapons
  9785 | D:8      | Got Arigat's Papyrus of Enchanting Evil
 10571 | Lair:1   | Entered Level 1 of the Lair of Beasts
 10588 | Lair:1   | Noticed a six-headed hydra
 10599 | Lair:1   | Killed a six-headed hydra
 10681 | Lair:1   | Reached skill level 11 in Staves
 11525 | Lair:1   | Noticed a five-headed hydra
 11540 | Lair:1   | Killed a five-headed hydra
 11597 | Lair:1   | Reached skill level 12 in Staves
 11872 | Lair:1   | Learned a level 5 spell: Irradiate
 11901 | Lair:2   | You fall into a shaft and drop 2 floors!
 11923 | Lair:4   | Reached skill level 1 in Conjurations
 11923 | Lair:4   | Reached skill level 1 in Transmutations
 12508 | Lair:4   | Noticed a catoblepas
 12508 | Lair:4   | Noticed a dire elephant
 12528 | Lair:4   | Found a runed translucent door.
 12563 | Lair:4   | Noticed a five-headed hydra
 12585 | Lair:4   | Killed a five-headed hydra
 12644 | Lair:4   | Reached XP level 12. HP: 63/94 MP: 15/21
 12944 | Lair:4   | You fall into a shaft and drop 2 floors!
 12944 | Lair:6   | Entered Level 6 of the Lair of Beasts
 12956 | Lair:6   | Reached skill level 5 in Conjurations
 12956 | Lair:6   | Reached skill level 5 in Transmutations
 12968 | Lair:6   | HP: 2/94 [cane toad (5)]
 12969 | Lair:6   | Slain by a redback

Illustrated notes

Levels and vault maps discovered:
D:1:      evilmike_arrival_rings, layout_loops_ring
D:2:      layout_rooms
D:3:      layout_loops_cross, mainiacjoe_overflow_boulevard,
          nicolae_vehumet_radiance, mainiacjoe_overflow_catwalk,
          ebering_ecumenical_altar_ruins, minmay_misc_feat_nine_boxes,
          uniq_ijyb, uniq_jessica, uniq_natasha, uniq_terence
D:4:      kennysheep_six_static_rooms, layout_rooms, lemuel_blue_sif_altar,
          lemuel_round_altar, minmay_temple_entry_drinking_statues,
          serial_shops, nicolae_shop_behind_doors, nrook_mini_backslash,
          serial_bayou_pond_a, minmay_snake_closets
D:5:      layout_loops_ring, nicolae_gozag_seed_capital,
          mainiacjoe_overflow_alcove_2, minmay_hedge_maze, minmay_door_square,
          kennysheep_small_spiral
D:6:      layout_rooms, overflow_temple_1_default
D:7:      layout_cave_pods, corexii_corridor_pit, hellmonk_guarded_unrand_lears
D:8:      minmay_the_grid_octo_tiled_octocenter [minmay_the_grid_octo_clover,
          minmay_the_grid_octo_empty, minmay_the_grid_octo_77,
          minmay_the_grid_octo_horde, minmay_the_grid_octo_prize_single_spiral,
          minmay_the_grid_square_5x5_three_walls,
          minmay_the_grid_square_5x5_comb,
          minmay_the_grid_square_5x5_two_walls_a,
          minmay_the_grid_square_5x5_minimal], layout_loops_ring,
          roderic_lattice_a, hangedman_decor_peaks_small, corexii_checkpoint_a,
          jiyva_altar_1, uniq_harold, uniq_prince_ribbit1, uniq_erica
Lair:1:   layout_long_grid, lemuel_fruit_tree
Lair:2:   layout_chaotic_city, lemuel_fruit_fields
Lair:4:   gammafunk_lair_enchanted_lake, layout_gridlike, shoals_dummy_entry,
          pf_torpor_hydra
Lair:6:   hangedman_lair_tendril_chambers, layout_gridlike, wormcave,
          slime_altar_1

Skill      XL: |  1  2  3  4  5  6  7  8  9 10 11 12 |
---------------+-------------------------------------+-----
Spellcasting   | 2 3 |  3.5
Ice Magic      | 4 5 6 7 |  7.2
Dodging        | 2 3 |  3.0
Fighting       | 3 5 |  5.1
Armour         | 2 4 6 8 9 |  9.0
Staves         | 4 7 10 12 | 12.0
Conjurations   | 4 5 |  5.4
Transmutations | 4 5 |  5.4
Stealth        | |  1.7

Action                   |  1- 3 |  4- 6 |  7- 9 | 10-12 || total
-------------------------+-------+-------+-------+-------++-------
Melee: Unarmed           |    15 |       |       |       ||    15
       Staff             |    15 |       |       |       ||    15
       Whip              |     6 |       |       |       ||     6
       Quarterstaff      |       |    89 |   154 |   186 ||   429
 Cast: Freeze            |    69 |     2 |       |       ||    71
       Frozen Ramparts   |       |     2 |     6 |    27 ||    35
       Ozocubu's Armour  |       |       |       |    21 ||    21
Evoke: Wand              |       |       |       |     1 ||     1
  Use: Scroll            |       |       |       |     2 ||     2
       Potion            |       |       |       |     2 ||     2
 Stab: Sleeping          |     4 |     5 |     4 |       ||    13
       Distracted        |       |     1 |     3 |     1 ||     5
Armor: Robe              |    16 |     2 |       |       ||    18
       Leather armour    |       |    23 |    40 |    85 ||   148
Dodge: Dodged            |    57 |    39 |   100 |    74 ||   270

Table legend: (Time is in decaauts)
 A = Elapsed time spent in this place.
 B = Non-inter-level travel time spent in this place.
 C = Inter-level travel time spent in this place.
 D = Time resting spent in this place.
 E = Time spent auto-exploring this place.
 F = Levels seen in this place.
 G = Mean time per level.
                   A        B        C        D        E       F      G
               +--------+--------+--------+--------+--------+-----+--------+
         Total |  13004 |  12585 |    419 |   1929 |   8911 |  12 | 1083.7 |
       Dungeon |  10620 |  10263 |    357 |   1750 |   7078 |   8 | 1327.5 |
          Lair |   2383 |   2321 |     62 |    179 |   1833 |   4 |  595.8 |
               +--------+--------+--------+--------+--------+-----+--------+

Top non-repeatable levels by time:
     D:8: 2202 daAuts
     D:1: 1838 daAuts
     D:7: 1536 daAuts
     D:5: 1449 daAuts
  Lair:1: 1301 daAuts
     D:6: 1105 daAuts
  Lair:4: 1041 daAuts
     D:3: 1015 daAuts
     D:4: 864 daAuts
     D:2: 609 daAuts
  Lair:6: 22 daAuts
  Lair:2: 17 daAuts
